Map: Orbital Shipyard

Players

LilDicky - Winner!

  • Race: Terran Terran
  • League: Diamond

ErwinGO

  • Race: Terran Terran
  • League: Diamond

VOD

http://www.twitch.tv/tumescentpie

Description

Time

  • Played on: Dec. 1, 2015, 1:50 p.m.
  • Length: 15:22
Show
View Real Time Build Order
Export as new Build Order

LilDicky Terran - Winner!

Build Orders: Reaper Expand 

Get SALT Encoding   

  12  0:01  SCV  
  13  0:14  SCV  
  14  0:18  Supply Depot  
  14  0:26  SCV  
  14  0:28  Refinery  
  15  0:40  SCV  
  16  0:46  Barracks  
  16  0:52  SCV  
  17  1:04  SCV  
  18  1:16  SCV  
  19  1:34  Orbital Command  
  19  1:35  Reaper  
  19  1:38  Supply Depot  
  20  2:01  Command Center  
  20  2:05  SCV  
  21  2:11  Marine  
  22  2:17  SCV  
  23  2:26  Refinery  
  23  2:33  Marine  
  23  2:35  Factory  
  24  2:49  Supply Depot  
  24  2:50  SCV  
  25  2:51  Marine  
  26  3:15  Marine  
  26  3:18  Factory Tech Lab  
  27  3:20  SCV  
  27  3:21  Starport  
  27  3:23  Orbital Command  
  27  3:32  SCV  
  27  3:33  Engineering Bay, Marine  
  29  3:44  SCV  
  29  3:47  Widow Mine  
  32  3:50  SCV  
  32  3:51  Marine  
  34  3:56  SCV  
  34  4:00  Missile Turret  
  34  4:02  Missile Turret  
  35  4:05  SCV  
  36  4:11  Banshee, Cloaking Field, Supply Depot  
  36  4:15  Marine  
  36  4:16  SCV  
  41  4:17  SCV  
  42  4:26  Factory Tech Lab  
  42  4:28  SCV  
  43  4:36  Marine  
  44  4:40  SCV x2  
  44  4:44  Supply Depot  
  44  4:45  Siege Tank  
  49  4:52  SCV  
  50  4:53  Banshee  
  50  4:55  Refinery  
  53  5:01  Factory  
  53  5:02  SCV  
  54  5:10  Missile Turret  
  54  5:11  Supply Depot  
  54  5:14  Refinery  
  54  5:15  SCV, Marine  
  54  5:17  Siege Tank  
  59  5:34  Supply Depot  
  59  5:36  Banshee  
  60  5:53  Siege Tank  
  60  5:54  Factory Tech Lab  
  60  6:01  SCV x2  
  62  6:06  Supply Depot  
  62  6:15  SCV  
  63  6:25  Siege Tank  
  66  6:28  SCV  
  66  6:32  Siege Tank  
  70  6:33  Banshee  
  67  6:57  Siege Tank  
  68  7:03  Marine  
  58  7:18  Siege Tank  
  58  7:21  Marine  
  60  7:25  SCV x2  
  60  7:29  Siege Tank, Barracks  
  65  7:30  Barracks  
  65  7:31  Barracks x2  
  65  7:33  Barracks  
  65  7:37  SCV x2  
  65  7:38  Marine  
  65  7:39  Banshee  
  65  7:42  Command Center  
  71  7:55  Cyclone  
  71  7:56  Marine  
  75  8:01  Cyclone  
  72  8:14  Marine  
  73  8:20  Marine  
  73  8:21  Marine x4  
  75  8:32  Marine  
  75  8:38  Marine  
  75  8:39  Marine x4  
  76  8:43  Siege Tank x2  
  76  8:44  Viking  
  84  8:50  Marine  
  85  8:56  Marine  
  85  8:59  Marine x4  
  85  9:02  Orbital Command  
  90  9:03  SCV x2  
  90  9:07  Marine  
  93  9:14  Viking, Marine  
  93  9:15  SCV, Starport  
  93  9:16  Marine  
  93  9:17  Marine x3  
  101  9:30  Marine  
  96  9:31  Marine  
  97  9:47  SCV, Marine x2  
  97  9:48  Siege Tank  
  97  9:50  Banshee  
  106  10:08  Marine x2  
  108  10:15  Supply Depot  
  108  10:18  Armory, Viking, Siege Tank, SCV x3  
  108  10:20  Marine  
  117  10:21  Armory  
  117  10:36  Banshee  
  117  10:37  SCV x2, Siege Tank  
  125  11:03  Marine  
  125  11:13  Siege Tank  
  125  11:52  Viking, Siege Tank, Marine x3  
  125  11:53  SCV, Siege Tank, Banshee  
  136  12:06  Marine x2  
  121  12:16  Marine x2  
  121  12:22  Viking  
  125  12:25  Siege Tank x2  
  125  12:26  Marine x2  
  130  12:36  Banshee  
  133  12:39  Refinery x2  
  133  12:42  Marine  
  133  12:43  Marine  
  124  12:52  Viking  
  124  12:57  Siege Tank x2  
  130  13:00  Command Center x2  
  130  13:02  Marine x2  
  130  13:22  Viking  
  130  13:26  Marine x2  
  131  13:29  Siege Tank x2  
  134  13:40  Barracks Reactor  
  127  13:54  Marine x2  
  127  13:59  Marine x2  
  127  14:14  Marine  
  127  14:15  Marine  
  129  14:24  Viking  
  129  14:25  Viking  
  133  14:40  Command Center  
  133  14:43  Planetary Fortress  
  133  14:49  SCV x2, Missile Turret  
Show
View Real Time Build Order
Export as new Build Order

ErwinGO Terran 

Build Orders: Mech 

Get SALT Encoding   

  12  0:00  SCV  
  14  0:17  Supply Depot  
  14  0:24  SCV  
  14  0:36  SCV  
  14  0:40  Barracks  
  15  0:44  Refinery  
  15  0:48  SCV  
  16  1:01  SCV  
  17  1:14  SCV  
  18  1:26  SCV  
  18  1:27  Marine  
  20  1:44  Command Center  
  20  1:55  Factory  
  20  1:58  SCV  
  21  2:03  Marine  
  22  2:11  Supply Depot  
  22  2:12  SCV  
  23  2:25  SCV  
  23  2:33  Marine  
  24  2:41  Factory  
  24  2:46  Factory Tech Lab  
  24  2:51  Marine  
  25  2:59  Orbital Command  
  24  3:08  Marine  
  24  3:10  Refinery  
  25  3:17  Orbital Command  
  24  3:27  Engineering Bay  
  24  3:28  SCV  
  25  3:35  Marine  
  25  3:39  Siege Tank  
  29  3:45  SCV x2  
  31  3:54  Marine  
  32  3:57  SCV  
  32  4:00  Missile Turret  
  33  4:02  Missile Turret  
  33  4:03  SCV  
  33  4:08  Factory Tech Lab  
  34  4:11  SCV  
  35  4:18  SCV, Starport  
  36  4:31  SCV  
  37  4:37  SCV  
  38  4:42  Marine  
  38  4:43  SCV, Cyclone  
  43  4:48  Supply Depot  
  43  4:49  Supply Depot  
  43  4:52  Liberator  
  43  4:55  SCV  
  43  4:56  SCV  
  45  5:01  Marine  
  46  5:09  Refinery  
  46  5:10  SCV x2, Refinery  
  51  5:27  Command Center  
  48  5:41  Siege Tank  
  50  5:52  Siege Tank  
  51  6:00  SCV, Missile Turret  
  52  6:06  SCV  
  53  6:11  Missile Turret  
  46  6:33  Missile Turret  
  46  6:34  Cyclone x2  
  46  6:38  SCV x2  
  54  6:46  Factory  
  47  6:55  Marine  
  27  7:17  Siege Tank  
  27  7:18  SCV x2, Siege Tank  
  34  7:25  SCV  
  35  7:30  SCV  
  35  7:35  Missile Turret  
  36  7:37  SCV x2  
  38  7:45  Factory Tech Lab  
  38  7:48  SCV  
  38  7:49  Siege Tank  
  42  7:57  Missile Turret  
  41  8:02  Siege Tank  
  44  8:10  SCV x2  
  43  8:22  SCV x2  
  45  8:28  SCV, Missile Turret  
  46  8:35  SCV, Planetary Fortress  
  46  8:40  SCV  
  48  8:43  Siege Tank x2  
  48  8:47  SCV, Liberator  
  55  8:52  SCV  
  55  9:00  Hi-Sec Auto Tracking  
  55  9:01  SCV  
  56  9:04  SCV  
  60  9:12  SCV  
  60  9:13  SCV  
  60  9:16  SCV, Starport  
  63  9:19  Refinery  
  60  9:24  SCV  
  60  9:25  SCV  
  60  9:28  SCV  
  60  9:30  Liberator  
  60  9:36  SCV  
  61  9:42  SCV x2  
  63  9:46  Siege Tank  
  63  9:49  SCV  
  63  9:50  Liberator  
  63  9:51  Marine  
  71  9:53  Hellion x2  
  71  9:54  SCV  
  76  10:01  SCV  
  77  10:07  Supply Depot  
  77  10:08  Supply Depot  
  77  10:13  Liberator  
  77  10:19  SCV x3  
  80  10:30  Starport  
  80  10:31  SCV x2  
  80  10:33  Liberator  
  82  11:05  Missile Turret  
  82  11:08  Viking  
  81  11:12  Hellion x2  
  81  11:13  Hellion, Viking  
  88  11:33  Viking  
  88  11:34  Hellion  
  88  11:38  Viking  
  94  11:43  Viking  
  93  12:03  Viking  
  92  12:08  Viking  
  92  12:13  Viking  
  91  12:24  SCV x2  
  91  12:25  Liberator  
  89  12:33  Viking  
  91  12:38  Viking  
  96  12:46  Liberator  
  96  12:51  Liberator  
  96  13:08  Liberator  
  92  13:28  Liberator  
  62  13:47  Siege Tank  
  67  13:59  Liberator  
  36  15:02  Factory Tech Lab  
  29  15:10  Factory Tech Lab  
Tags
 
Add a new tag
Caveats
  • Supply blocks, unpowered buildings, or Contaminate may cause inaccurate times.
  • Supply counts are checked every 10 seconds.